Selects Italian Coastal Battlegroup
Construct Infanterie Kompanie
Construct Panzergrenadier Kompanie
Pak 40 Anti-tank Gun Team
Selects Designated Artillery Overwatch
Designated Artillery Overwatch
Selects Artillery Officer
Selects Obice da 210/22 Artillery Emplacement
Designated Artillery Overwatch
Construct Luftwaffe Kompanie